[Event "*** SCC Grand Prix: Titled Tuesday Blitz"]
[Site "Chess.com"]
[Date "2020.10.06"]
[Round "1"]
[White "DenLaz"]
[Black "IANOV0007"]
[Result "1-0"]
[WhiteElo "2818"]
[BlackElo "2423"]
[TimeControl "180+1"]
[EndTime "10:06:10 PDT"]
[Termination "DenLaz won by resignation"]

1. Nf3 d6 2. d4 g6 3. c4 Bg7 4. g3 Nf6 5. Bg2 O-O 6. O-O c6 7. Nc3 Bf5 8. Ne1 e5 9. d5 c5 10.
e4 Bd7 11. Nd3 Na6 12. f4 exf4 13. Bxf4 Ne8 14. e5 Qb6 15. Qe2 Bf5 16. e6 Bxd3 17.
Qxd3 f5 18. Rab1 Nf6 19. Nb5 Nb4 20. Qe2 Ne8 21. h4 a6 22. Nc3 Nf6 23. a3 a5 24.
axb4 axb4 25. Nb5 Ne8 26. h5 Ra5 27. e7 Rf6 28. Bg5 Rxb5 29. cxb5 c4+ 30. Kh2 Qxb5 31.
Bxf6 Bxf6 32. Rf4 Be5 33. Qxc4 Qd7 34. Re1 Qxe7 35. Rxe5 Qxe5 36. Qd4 Kg7 37. Qxe5+ dxe5 38. Rxb4 Nd6 39. Rb6 Nc4 40. Rxb7+ Kf6 41. Rxh7 e4 42.
hxg6 Kxg6 43. Rc7 Ne5 44. d6 Kf6 45. Bh3 Ke6 46. d7 Nxd7 47. Bxf5+ 1-0

[Event "*** SCC Grand Prix: Titled Tuesday Blitz"]
[Site "Chess.com"]
[Date "2020.10.06"]
[Round "1"]
[White "HrvojeZagreb"]
[Black "Rakesh"]
[Result "1-0"]
[WhiteElo "2119"]
[BlackElo "2488"]
[TimeControl "180+1"]
[EndTime "10:06:10 PDT"]
[Termination "HrvojeZagreb won by resignation"]

1. d4 Nf6 2. Bf4 d5 3. e3 c5 4.
Nc3 Nc6 5. Nb5 e5 6. dxe5 Ne4 7. Qxd5 Bf5 8. Bc4 Qxd5 9. Nc7+ Kd7 10. Nxd5 Rd8 11.
f3 Kc8 12. Bd3 Rxd5 13. fxe4 Be6 14. exd5 Bxd5 15. Bf5+ Kc7 16. Nf3 g6 17. Bh3 Bg7 18. e6+ Kb6 19. O-O-O fxe6 20. Ng5 Re8 21. e4 Bxa2 22.
b3 c4 23. Nxe6 Bh8 24. Bc7+ Ka6 25. g3 cxb3 26. cxb3 Bxb3 27. Nc5+ Kb5 28. Nxb3 Rxe4 29. Bf1+ Ka4 30. Nc5+ Ka3 31. Nxe4 Nb4 32. Bd6 Bb2+ 33. Kb1 1-0

[Event "*** SCC Grand Prix: Titled Tuesday Blitz"]
[Site "Chess.com"]
[Date "2020.10.06"]
[Round "1"]
[White "AnonymusDonkey"]
[Black "Gabix_94"]
[Result "0-1"]
[WhiteElo "2412"]
[BlackElo "2803"]
[TimeControl "180+1"]
[EndTime "10:06:11 PDT"]
[Termination "Gabix_94 won by resignation"]

1. e4 g6 2. d4 Bg7 3. Nc3 a6 4. Nf3 b5 5. a4 b4 6. Nd5 a5 7. c3 e6 8. Ne3 Ne7 9. e5 d6 10.
Ng4 Nd7 11. Bg5 h6 12. Bh4 g5 13. Bg3 dxe5 14. Ngxe5 bxc3 15. bxc3 O-O 16. h4 Nf5 17. Nc6 Qe8 18. hxg5 Nxg3 19. fxg3 e5 20. gxh6 exd4+ 21. Be2 Bf6 22. cxd4 Bb7 23. Qc2 Kh8 24. O-O Rg8 25. Nfe5 Rxg3 26. Nxd7 Qe3+ 27. Kh2 Rag8 28. Bf3 Qxh6+ 29.
Kg1 Bxc6 30. Nxf6 Bxf3 31. Nxg8 Qe3+ 32. Qf2 Rxg2+ 33. Kh1 0-1

[Event "*** SCC Grand Prix: Titled Tuesday Blitz"]
[Site "Chess.com"]
[Date "2020.10.06"]
[Round "1"]
[White "sergeikim"]
[Black "beto-betun"]
[Result "1-0"]
[WhiteElo "2524"]
[BlackElo "2151"]
[TimeControl "180+1"]
[EndTime "10:06:12 PDT"]
[Termination "sergeikim won by resignation"]

1. d4 Nf6 2. c4 g6 3. Nc3 Bg7 4. e4 d6 5. Nge2 O-O 6. Ng3 Nc6 7. d5 Nb8 8. Be2 e6 9. O-O exd5 10. cxd5 a6 11. a4 Re8 12. a5 Nbd7 13. Ra3 Nc5 14. f3 b6 15. b4 Ncd7 16. Be3 Ne5 17. Qd2 b5 18. Nd1 Bd7 19. Nf2 Rc8 20. Rc1 Qe7 21. Rac3 c5 22. bxc5 dxc5 23. Rxc5 Rxc5 24. Bxc5 Qd8 25.
Bb6 Qb8 26. f4 Neg4 27. Nxg4 Nxg4 28. e5 Nh6 29. Ne4 Rc8 30. Nd6 Rxc1+ 31. Qxc1 Nf5 32. Qc7 Qxc7 33. Bxc7 Bf8 34. Nxf5 Bxf5 35. d6 f6 36. Bf3 Kf7 37. Bb7 fxe5 38. fxe5 Bd3 39. Bxa6 Ke6 40. Bc8+ Kxe5 41. d7+ Bd6 42. d8=Q 1-0

[Event "*** SCC Grand Prix: Titled Tuesday Blitz"]
[Site "Chess.com"]
[Date "2020.10.06"]
[Round "1"]
[White "Shield12"]
[Black "Tactictic"]
[Result "1-0"]
[WhiteElo "2840"]
[BlackElo "2435"]
[TimeControl "180+1"]
[EndTime "10:06:14 PDT"]
[Termination "Shield12 won by checkmate"]

1. e4 c5 2. Nf3 d6 3. Bb5+ Bd7 4. Bxd7+ Qxd7 5. c4 Nc6 6. Nc3 Nf6 7. d4 cxd4 8.
Nxd4 g6 9. h3 Bg7 10. Be3 O-O 11.
O-O Rfc8 12. b3 Qd8 13. Rc1 Qa5 14. Qd3 Nd7 15. Rfd1 Nc5 16. Qd2 Rab8 17. Nxc6 bxc6 18. Bd4 Bxd4 19. Qxd4 Ne6 20. Qe3 c5 21. e5 Nd4 22.
Nd5 Nf5 23. Qg5 h6 24. Nxe7+ Nxe7 25. Qxe7 dxe5 26. Rd7 Rf8 27. Rxa7 Qd2 28. Rf1 Qd4 29. Qf6 Rbd8 30. Re7 Rde8 31. Re1 Qb2 32. Qxe5 Rxe7 33. Qxe7 Qxa2 34. Qe3 Qa5 35. Rd1 Rb8 36. Qxh6 Rxb3 37.
Qg5 Rc3 38. Rd8+ Kg7 39. Qe5+ f6 40. Rd7+ Kh6 41. Qf4+ Kh5 42. Rh7# 1-0

[Event "*** SCC Grand Prix: Titled Tuesday Blitz"]
[Site "Chess.com"]
[Date "2020.10.06"]
[Round "1"]
[White "ljuks68"]
[Black "SilviusTiberius"]
[Result "0-1"]
[WhiteElo "2327"]
[BlackElo "2652"]
[TimeControl "180+1"]
[EndTime "10:06:15 PDT"]
[Termination "SilviusTiberius won by checkmate"]

1. e4 c5 2. Nf3 Nc6 3. d4 cxd4 4. Nxd4 Nf6 5. Nc3 d6 6. Bc4 e6 7. Be3 a6 8. Qe2 Na5 9. Bd3 Qc7 10. O-O h5 11. f3 b5 12. Rad1 Bb7 13. Kh1 Rc8 14.
Qf2 h4 15. Nce2 Nc4 16. Bc1 Ne5 17. Bg5 h3 18. g3 Be7 19. Be3 d5 20. exd5 Nxd5 21.
Bd2 Bc5 22. Be4 Qb6 23. c3 f5 24. Bxd5 Bxd5 25. b4 Nxf3 26. bxc5 Nxd4+ 27. Kg1 Nxe2+ 28. Qxe2 Qxc5+ 29. Be3 Qc6 30. Bd4 Bc4 31. Qe5 Qg2# 0-1

[Event "*** SCC Grand Prix: Titled Tuesday Blitz"]
[Site "Chess.com"]
[Date "2020.10.06"]
[Round "1"]
[White "MasterMK73"]
[Black "vladimirdamjanovic"]
[Result "0-1"]
[WhiteElo "2210"]
[BlackElo "2541"]
[TimeControl "180+1"]
[EndTime "10:06:15 PDT"]
[Termination "vladimirdamjanovic won by resignation"]

1. e4 c5 2. Nf3 d6 3. Bb5+ Bd7 4. Bxd7+ Qxd7 5. O-O g5 6. Re1 g4 7. Nh4 Nc6 8. c3 e6 9. g3 Be7 10. Ng2 h5 11. d4 Nf6 12. Bg5 O-O-O 13. d5 Ne5 14.
Nd2 Nxd5 15. Bxe7 Nxe7 16. b4 c4 17. Ne3 h4 18. Nexc4 hxg3 19. fxg3 N7g6 20. Qe2 Rh7 21. Rf1 Rdh8 22. Rf2 Qc7 23. Rd1 Rd8 24. a4 Kb8 25. a5 Rd7 26. Nxe5 Nxe5 27. c4 Rh8 28. Rc1 Rc8 29.
c5 dxc5 30. Rxc5 Qd8 31. Rxe5 Rc2 32. Qxg4 Rdxd2 33. Rxd2 Qxd2 34. Qg8+ Rc8 35. Qxf7 Rc1+ 36. Qf1 Qd4+ 37. Kg2 Rxf1 38. Kxf1 Qxe5 0-1

[Event "*** SCC Grand Prix: Titled Tuesday Blitz"]
[Site "Chess.com"]
[Date "2020.10.06"]
[Round "1"]
[White "Bigfish1995"]
[Black "zajka-molotok"]
[Result "1-0"]
[WhiteElo "3114"]
[BlackElo "2474"]
[TimeControl "180+1"]
[EndTime "10:06:16 PDT"]
[Termination "Bigfish1995 won by resignation"]

1. Nf3 d5 2. g3 Nf6 3. Bg2 c6 4. O-O Bf5 5. d3 e6 6. Nh4 Bg4 7. h3 Bh5 8. Qe1 Bc5 9. Kh1 Nbd7 10. f4 O-O 11. e4 Ne8 12. g4 Bg6 13. f5 Be7 14. Nf3 dxe4 15. dxe4 e5 16. Nc3 Nd6 17. Qe2 f6 18. fxg6 hxg6 19. Be3 g5 20. Rad1 Qc7 21. h4 gxh4 22. Nxh4 Rfd8 23. Ng6 Nf8 24. Nxe7+ Qxe7 25. g5 Rd7 26. Bh3 Rc7 27. gxf6 gxf6 28. Rg1+ Kh8 29. Rg2 Nh7 30. Rdg1 Qe8 31. Bc5 Nf7 32.
Bf5 Nfg5 33. Rh2 b6 34. Be3 Rg7 35. Bxg5 fxg5 36. Nd1 Rb8 37. Ne3 Rbb7 38. Ng4 Rbf7 39. Rg3 Kg8 40. Rgh3 Qe7 41. Nh6+ Kf8 42. Nxf7 Rxf7 43.
Rxh7 1-0

[Event "*** SCC Grand Prix: Titled Tuesday Blitz"]
[Site "Chess.com"]
[Date "2020.10.06"]
[Round "1"]
[White "Nikolaj_6"]
[Black "Morshynska"]
[Result "1-0"]
[WhiteElo "2536"]
[BlackElo "2200"]
[TimeControl "180+1"]
[EndTime "10:06:16 PDT"]
[Termination "Nikolaj_6 won on time"]

1. d4 d5 2. Bf4 c6 3. e3 Bf5 4. c4 e6 5. Nc3 Nd7 6. Qb3 Qb6 7. Nf3 Qxb3 8. axb3 Bb4 9. Be2 Ngf6 10. O-O Ne4 11.
Rfc1 f6 12. h3 g5 13. Bh2 Kf7 14. Na2 Bd6 15. Bxd6 Nxd6 16. c5 Ne4 17. b4 a6 18.
Nc3 Nxc3 19. bxc3 h5 20. Nd2 g4 21. h4 Rae8 22. g3 e5 23. Nb3 Nf8 24. c4 Be6 25. Kf1 Ng6 26. Na5 Re7 27. b5 axb5 28. cxb5 Bd7 29.
Nxb7 f5 30. Nd6+ Kf6 31. b6 f4 32. b7 fxg3 33. fxg3 Kg7 34. Ra8 Ree8 35. Nxe8+ 1-0

[Event "*** SCC Grand Prix: Titled Tuesday Blitz"]
[Site "Chess.com"]
[Date "2020.10.06"]
[Round "1"]
[White "Mbneu"]
[Black "Yashasd1995"]
[Result "0-1"]
[WhiteElo "2315"]
[BlackElo "2632"]
[TimeControl "180+1"]
[EndTime "10:06:17 PDT"]
[Termination "Yashasd1995 won by resignation"]

1. d4 Nf6 2. c4 e6 3. Nc3 c5 4. d5 exd5 5. cxd5 d6 6. e4 g6 7. f4 Bg7 8. Nf3 O-O 9. Be2 Bg4 10. O-O Bxf3 11. Bxf3 Nbd7 12. Re1 Re8 13. Be3 a6 14. a4 b6 15. Bf2 Rb8 16. Bg3 h5 17. e5 Nh7 18. e6 Ndf8 19. f5 h4 20. exf7+ Kxf7 21. fxg6+ Nxg6 22. Rxe8 Qxe8 23. Bxd6 Qe3+ 24. Kh1 Re8 25.
Bg4 Ng5 26. h3 Bd4 27. Bf5 Kg7 28. Bxg6 Kxg6 29. Qc2+ Kg7 30. Rf1 Nxh3 31. gxh3 Qxh3+ 0-1

[Event "*** SCC Grand Prix: Titled Tuesday Blitz"]
[Site "Chess.com"]
[Date "2020.10.06"]
[Round "1"]
[White "albi1999"]
[Black "queen_iryna"]
[Result "1-0"]
[WhiteElo "2606"]
[BlackElo "2295"]
[TimeControl "180+1"]
[EndTime "10:06:19 PDT"]
[Termination "albi1999 won by resignation"]

1. d4 d5 2. Nf3 Nf6 3. c4 c6 4. Nc3 e6 5. Bg5 h6 6. Bxf6 Qxf6 7. g3 Nd7 8. Bg2 g6 9. O-O Bg7 10. e4 dxc4 11. a4 O-O 12. e5 Qe7 13. Qe2 Nb6 14.
a5 Nd5 15. Ne4 Bd7 16. Qxc4 b6 17. Rfc1 bxa5 18. Rxa5 Rfb8 19. Rc2 Rb4 20. Qa2 Be8 21. Nc5 Rb5 22. Qa3 Rxa5 23. Qxa5 Rb8 24. Ne1 Rb5 25. Qa3 Nb4 26. Rc1 a5 27. Bf1 Rb8 28. Qxa5 Nd5 29. Ned3 f6 30. Ne4 fxe5 31. dxe5 c5 32.
Nexc5 Bb5 33. Bh3 Bxd3 34. Nxd3 Kh7 35. Qa6 Rb6 36. Qc8 Qb7 37. Qxb7 Rxb7 38. Bxe6 Nb4 39. Rc8 h5 40. Nc5 Re7 41. f4 Na6 42. Ne4 Rxe6 43.
Ng5+ Kh6 44. Nxe6 Nb4 1-0

[Event "*** SCC Grand Prix: Titled Tuesday Blitz"]
[Site "Chess.com"]
[Date "2020.10.06"]
[Round "1"]
[White "Matveev_Vladimir"]
[Black "esrosenberg"]
[Result "1-0"]
[WhiteElo "2614"]
[BlackElo "2303"]
[TimeControl "180+1"]
[EndTime "10:06:23 PDT"]
[Termination "Matveev_Vladimir won by resignation"]

1. d4 Nf6 2. c4 e6 3. Nf3 d5 4. g3 Be7 5. Bg2 O-O 6. O-O dxc4 7. Qc2 a6 8. a4 Bd7 9. Rd1 Bc6 10. Nc3 a5 11. e4 Na6 12. Ne5 Nb4 13. Qe2 Nd3 14. Nxd3 cxd3 15. Rxd3 Re8 16. Bf4 h6 17. Rc1 Ra6 18. Nb5 Bxb5 19. axb5 Ra8 20. Rxc7 b6 21. Rc6 Bb4 22. Bc7 Qd7 23. Bxb6 Rab8 24. Rd1 Rec8 25.
d5 exd5 26. exd5 Re8 27. Be3 Ng4 28. Bh3 h5 29. Bxg4 hxg4 30. Qd3 g6 31. b6 Rb7 32. b3 Qe7 33. Bd4 Qe2 34. Qxe2 Rxe2 35. Rc8+ Bf8 36. Bc5 Kg7 37. Bxf8+ Kf6 38. Bc5 Rc2 39.
Bd4+ 1-0

[Event "*** SCC Grand Prix: Titled Tuesday Blitz"]
[Site "Chess.com"]
[Date "2020.10.06"]
[Round "1"]
[White "chessmachine14"]
[Black "MishkaFighter"]
[Result "0-1"]
[WhiteElo "2267"]
[BlackElo "2581"]
[TimeControl "180+1"]
[EndTime "10:06:24 PDT"]
[Termination "MishkaFighter won by checkmate"]

1. e4 g6 2. d4 Bg7 3. Nc3 a6 4.
f4 b5 5. Nf3 d6 6. Bd3 Nd7 7.
O-O c5 8. Be3 Ngf6 9. e5 Ng4 10.
Qe2 O-O 11. dxc5 Nxe3 12. Qxe3 Nxc5 13. Rad1 Bb7 14. Ne4 Rc8 15. Nxc5 Rxc5 16. Be4 Bxe4 17. Qxe4 Qb6 18. Kh1 Rc4 19. Qe2 Rxf4 20. exd6 exd6 21. c3 b4 22. Nd4 Rxf1+ 23. Rxf1 Bxd4 24. cxd4 Qxd4 25. Qxa6 Qxb2 26. Qxd6 h5 27. h3 Ra8 28. Qe7 Qxa2 29. Qxb4 Qe2 30. Qf4 Qe6 31. Qc7 Ra2 32. Qd8+ Kg7 33.
Qd4+ Kh7 34. Qf6 Qxf6 35. Rxf6 Kg7 36. Rf3 g5 37. Rf5 Kg6 38. Rc5 g4 39. hxg4 hxg4 40. Kh2 f5 41. Kg3 Kg5 42. Rb5 Ra3+ 43. Kf2 g3+ 44. Ke2 Kg4 45. Rb8 Ra2+ 46. Kf1 Ra1+ 47.
Ke2 Rg1 48. Rg8+ Kf4 49. Rb8 Rxg2+ 50. Kf1 Ra2 51. Rb4+ Kf3 52. Rb3+ Kg4 53. Rb8 f4 54. Rb7 g2+ 55. Kg1 Kg3 56. Rg7+ Kf3 57. Rg8 Ra1+ 58. Kh2 Rh1# 0-1

[Event "*** SCC Grand Prix: Titled Tuesday Blitz"]
[Site "Chess.com"]
[Date "2020.10.06"]
[Round "1"]
[White "SanchezKelvin"]
[Black "Abdimalik_Abdisalimov"]
[Result "0-1"]
[WhiteElo "2389"]
[BlackElo "2749"]
[TimeControl "180+1"]
[EndTime "10:06:25 PDT"]
[Termination "Abdimalik_Abdisalimov won by resignation"]

1. e4 c5 2. Nf3 d6 3. d4 cxd4 4. Nxd4 Nf6 5. Nc3 a6 6. f3 e5 7. Nb3 Be6 8. Be3 h5 9. Qd2 Nbd7 10. Nd5 Bxd5 11. exd5 Rc8 12. Na5 Qc7 13. c4 g6 14. Be2 Bg7 15. O-O h4 16. Rac1 Nh5 17. b4 Nf4 18. Rfe1 h3 19. Bxf4 exf4 20. c5 O-O 21. c6 bxc6 22. Rxc6 Qa7+ 23. Kf1 Ne5 24. Rxa6 Qe7 25. Nc6 Qh4 26. Bb5 Rce8 27. Qf2 hxg2+ 28. Qxg2 Nxc6 29. Rxe8 Rxe8 30. Qf2 Qh3+ 31. Qg2 Re1+ 32. Kf2 Qh4+ 0-1

[Event "*** SCC Grand Prix: Titled Tuesday Blitz"]
[Site "Chess.com"]
[Date "2020.10.06"]
[Round "1"]
[White "kasparicy"]
[Black "tdf98pantani"]
[Result "0-1"]
[WhiteElo "2381"]
[BlackElo "2734"]
[TimeControl "180+1"]
[EndTime "10:06:25 PDT"]
[Termination "tdf98pantani won by resignation"]

1. e4 c6 2. d4 d5 3. f3 e6 4. Be3 Nf6 5. e5 Nfd7 6. f4 Qb6 7. Nc3 c5 8. Nf3 Nc6 9. Qd2 Be7 10. Na4 Qb4 11. Nxc5 Nxc5 12. Qxb4 Nxb4 13. dxc5 Nxc2+ 14. Kd2 Nxa1 15. Bb5+ Bd7 16. Bxd7+ Kxd7 17. Rxa1 Rhc8 18. b4 b6 19. Rc1 a5 20. a3 axb4 21. axb4 Ra2+ 22.
Kd3 bxc5 23. bxc5 Ra3+ 24. Ke2 Ra5 25. Ng5 f6 26. c6+ Rxc6 27. Rxc6 Kxc6 28. Nxe6 fxe5 29.
fxe5 d4 30. Nxd4+ Kd5 31. Nf3 Ra2+ 32. Kf1 Ke4 33. Bf2 g5 34. h3 h5 35. Bg3 g4 36. hxg4 hxg4 37. Ne1 Bc5 38. e6 Ra6 39.
Bf2 Be7 40. Nc2 Rxe6 41. Nd4 Rf6 42. Ke2 Bc5 0-1

[Event "*** SCC Grand Prix: Titled Tuesday Blitz"]
[Site "Chess.com"]
[Date "2020.10.06"]
[Round "1"]
[White "Sacbutt"]
[Black "tornikesanikidze"]
[Result "0-1"]
[WhiteElo "2272"]
[BlackElo "2582"]
[TimeControl "180+1"]
[EndTime "10:06:25 PDT"]
[Termination "tornikesanikidze won by resignation"]

1. e4 c5 2. Nf3 d6 3. d4 cxd4 4. Nxd4 Nf6 5. Nc3 Nc6 6. Be3 Ng4 7. Bg5 h6 8. Nxc6 bxc6 9. Bh4 g5 10. Bg3 Bg7 11. Bd3 Rb8 12. Rb1 Rxb2 13. Ne2 Qa5+ 14. Kf1 Rxa2 15. h3 Ne5 16. Bxe5 Bxe5 17. g3 O-O 18. h4 g4 19. Qc1 Kg7 20. h5 f5 21.
exf5 Bxf5 22. Bxf5 Rxf5 23. Rh4 Rg5 24. Kg2 Qd5+ 25. Kh2 Qf3 26. Qf1 Rxc2 27. Re1 Bxg3+ 28. fxg3 Qxf1 29. Rxf1 Rxe2+ 30. Kg1 a5 31. Ra1 Re3 32. Kf2 Rf3+ 33. Kg2 Rff5 34. Ra4 Rxh5 35. Rhxg4+ Rhg5 36. Rge4 Re5 37. Rec4 Rc5 38. Re4 e5 39. Kf3 d5 40.
Re2 Rc3+ 41. Re3 0-1

[Event "*** SCC Grand Prix: Titled Tuesday Blitz"]
[Site "Chess.com"]
[Date "2020.10.06"]
[Round "1"]
[White "ChessicallyInclined"]
[Black "aisha_zakirova"]
[Result "1-0"]
[WhiteElo "2535"]
[BlackElo "2198"]
[TimeControl "180+1"]
[EndTime "10:06:25 PDT"]
[Termination "ChessicallyInclined won by checkmate"]

1. d4 Nf6 2. c4 e6 3. Nc3 Bb4 4. e3 Bxc3+ 5. bxc3 O-O 6. Bd3 b6 7.
Ne2 Ba6 8. O-O Nc6 9. e4 Na5 10.
Ba3 Re8 11. c5 Bc4 12. Bb4 Bxd3 13. Qxd3 Nc6 14. Ng3 a5 15. Ba3 d6 16. cxd6 cxd6 17. Rab1 Rc8 18. Qb5 Ne7 19. Qxb6 Rxc3 20. Qxd6 Qxd6 21.
Bxd6 Nc6 22. Rfd1 Rc2 23. a3 Rc8 24. d5 exd5 25. exd5 Na7 26. Be7 Nd7 27. d6 R2c3 28.
Rb7 Rc1 29. Rxc1 Rxc1+ 30. Nf1 Ne5 31. Rxa7 Nc4 32. Ra8# 1-0

[Event "*** SCC Grand Prix: Titled Tuesday Blitz"]
[Site "Chess.com"]
[Date "2020.10.06"]
[Round "1"]
[White "GMaka"]
[Black "Meri-Arabidze"]
[Result "0-1"]
[WhiteElo "2367"]
[BlackElo "2705"]
[TimeControl "180+1"]
[EndTime "10:06:26 PDT"]
[Termination "Meri-Arabidze won by checkmate"]

1. Nf3 d5 2. b3 c5 3. Bb2 Nc6 4. e3 Nf6 5. Bb5 Bd7 6. O-O e6 7. d3 Be7 8. Nbd2 O-O 9. Bxc6 Bxc6 10. Ne5 Rc8 11. Nxc6 Rxc6 12. Nf3 Nd7 13. Ne5 Nxe5 14. Bxe5 Bf6 15. f4 Bxe5 16. fxe5 Qg5 17. Qf3 Qxe5 18. Rae1 b5 19. e4 d4 20. Ra1 c4 21. bxc4 bxc4 22.
Rab1 cxd3 23. cxd3 Rc7 24. Rb4 h6 25. a4 f6 26.
Rfb1 Rfc8 27. g3 Rc2 28. R1b2 Qg5 29. Rxc2 Rxc2 30. Qf4 Qh5 31. g4 Qh3 32. Qg3 Rc1+ 33. Kf2 Qf1# 0-1

[Event "*** SCC Grand Prix: Titled Tuesday Blitz"]
[Site "Chess.com"]
[Date "2020.10.06"]
[Round "1"]
[White "exoticprincess"]
[Black "zubridis"]
[Result "1-0"]
[WhiteElo "2896"]
[BlackElo "2453"]
[TimeControl "180+1"]
[EndTime "10:06:27 PDT"]
[Termination "exoticprincess won by resignation"]

1. b3 e5 2. Bb2 Nc6 3. Nf3 e4 4. Nd4 Qf6 5. e3 Bc5 6. Nb5 Qxb2 7. N1c3 Nb4 8. Rb1 Qxc2 9. Nxc7+ Kd8 10. Nxa8 Qxd1+ 11. Kxd1 Nf6 12. a3 Nd3 13. Bxd3 exd3 14. b4 Bd6 15. Rc1 b6 16. Nb5 Bb8 17. f3 Bb7 18.
Nac7 Bc6 19. Nd6 Rf8 20. Nxf7+ Rxf7 21. Ne6+ Ke8 22. Nd4 Bb7 23. Rc3 Be5 24. Rxd3 d6 25. Nb5 Rd7 26. f4 Ne4 27. fxe5 Nf2+ 28. Ke2 Nxh1 29. e6 Rd8 30. Nxd6+ Ke7 31. Nxb7 Rxd3 32. Kxd3 Kxe6 33. Ke2 Kd7 34. Kf1 Kc7 35. Nc5 bxc5 36. bxc5 Kc6 37. d4 Kd5 38. Kg1 1-0

[Event "*** SCC Grand Prix: Titled Tuesday Blitz"]
[Site "Chess.com"]
[Date "2020.10.06"]
[Round "1"]
[White "amatatanav"]
[Black "Tooweak2slow03"]
[Result "0-1"]
[WhiteElo "2410"]
[BlackElo "2802"]
[TimeControl "180+1"]
[EndTime "10:06:30 PDT"]
[Termination "Tooweak2slow03 won on time"]

1. e4 e6 2. d4 d5 3. Nc3 h6 4. Nf3 Nf6 5. Bd3 Bb4 6. exd5 exd5 7. Qe2+ Be6 8. Bf5 O-O 9. Bxe6 Re8 10. Bxf7+ Kxf7 11. Ne5+ Kg8 12. O-O Nc6 13. Nxc6 bxc6 14. Qf3 Rf8 15.
Qh3 Qd6 16. a3 Bxc3 17. Qxc3 Ne4 18. Qh3 Rf6 19. f3 Raf8 20. Be3 Ng5 21. Bxg5 hxg5 22. Qg3 Rf4 23. Qxg5 R8f5 24. Qg3 Qf6 25. c3 c5 26.
Rfd1 cxd4 27. Rxd4 Rxd4 28. cxd4 Qxd4+ 29. Qf2 Qb6 30. Qxb6 axb6 31. b4 c5 32. Kf2 Re5 33. Re1 Rh5 34.
h3 Kf7 35. Re2 d4 36. f4 c4 37. Re5 Rxe5 38. fxe5 b5 39. h4 Ke6 40. g4 Kxe5 41.
Kf3 c3 0-1

[Event "*** SCC Grand Prix: Titled Tuesday Blitz"]
[Site "Chess.com"]
[Date "2020.10.06"]
[Round "1"]
[White "sofaceindisguise"]
[Black "AsaHoffmann"]
[Result "0-1"]
[WhiteElo "2626"]
[BlackElo "2339"]
[TimeControl "180+1"]
[EndTime "10:06:30 PDT"]
[Termination "AsaHoffmann won by resignation"]

1. d4 Nf6 2. Bg5 e6 3. Nc3 d6 4. e4 Be7 5. Bd3 c6 6. Qe2 e5 7. dxe5 dxe5 8. Nf3 Bg4 9. h3 Bxf3 10. Qxf3 Nbd7 11.
O-O-O Qa5 12. Kb1 b5 13. g4 Nc5 14. Qf5 Qc7 15. f4 g6 16. Qxe5 Qxe5 17. fxe5 Nfd7 18. Bf4 Ne6 19. Bg3 Bf8 20. h4 Bg7 21. Nxb5 cxb5 22. Bxb5 O-O-O 23. Rd5 Nb6 24. Rf1 Nxd5 25. exd5 Rxd5 26.
Ba6+ Kc7 27. a3 Kb6 28. Bc4 Rd7 29. b4 Rc8 30. Bb3 Nd4 31. Rxf7 Rxf7 32. Bxf7 Nxc2 33.
e6 Bf8 34. Kb2 a5 35. Bf2+ Kb5 36. Bc5 Rxc5 37. bxc5 Nd4 38. g5 Kxc5 39. Bg8 Nf5 40. Bxh7 Nxh4 41. Kb3 Be7 42. Ka4 Kb6 43. Bg8 Bxg5 44.
Bf7 Be7 45. Kb3 g5 46. Bh5 Nf5 47. a4 Nd4+ 48. Kc4 Nxe6 49. Kd5 Nf4+ 0-1

[Event "*** SCC Grand Prix: Titled Tuesday Blitz"]
[Site "Chess.com"]
[Date "2020.10.06"]
[Round "1"]
[White "TomiLen"]
[Black "pavelalexandru07"]
[Result "1-0"]
[WhiteElo "2559"]
[BlackElo "2238"]
[TimeControl "180+1"]
[EndTime "10:06:31 PDT"]
[Termination "TomiLen won by resignation"]

1. c4 c5 2. Nc3 g6 3. g3 Bg7 4. Bg2 Nc6 5. Nf3 e6 6. O-O Nge7 7. e3 d5 8. cxd5 exd5 9. d4 c4 10. b3 cxb3 11. Qxb3 O-O 12. Ba3 Re8 13. Bxe7 Nxe7 14.
Rab1 b6 15. Rfc1 Bf5 16. Ra1 Rc8 17. a4 Be6 18. Ng5 h6 19. Nxe6 fxe6 20. a5 bxa5 21. Na4 Qd6 22. Nc5 Nc6 23. Nxe6 Rxe6 24. Bxd5 Kf7 25.
Bxe6+ Qxe6 26. d5 Qd6 27. dxc6+ Kf8 28. Rxa5 Rxc6 29. Rd1 Qc7 30. Rad5 Rc1 31. Qa3+ Ke8 32. Qxc1 Qxc1 1-0

[Event "*** SCC Grand Prix: Titled Tuesday Blitz"]
[Site "Chess.com"]
[Date "2020.10.06"]
[Round "1"]
[White "FLamps8"]
[Black "WiktoriaPOL"]
[Result "1-0"]
[WhiteElo "2499"]
[BlackElo "2053"]
[TimeControl "180+1"]
[EndTime "10:06:31 PDT"]
[Termination "FLamps8 won on time"]

1. d4 Nf6 2. c4 g6 3. Nc3 Bg7 4.
e4 d6 5. Bg5 O-O 6. Be2 c5 7. d5 e6 8. Qd2 Re8 9. h4 Qb6 10. f3 exd5 11. Bxf6 Bxf6 12. Nxd5 Qd8 13.
Nxf6+ Qxf6 14. h5 g5 15. O-O-O Rd8 16. h6 Nc6 17. Rh5 g4 18. fxg4 Nd4 19. Rf1 Nxe2+ 20.
Qxe2 Qd4 21. Rd5 Qh8 22. Rg5+ Kf8 23. Rg7 Be6 24. Nh3 Rd7 25. Ng5 Ke7 26. Nxe6 Kxe6 27. Qf3 1-0

[Event "*** SCC Grand Prix: Titled Tuesday Blitz"]
[Site "Chess.com"]
[Date "2020.10.06"]
[Round "1"]
[White "mishanick"]
[Black "Superfelix"]
[Result "1-0"]
[WhiteElo "3004"]
[BlackElo "2470"]
[TimeControl "180+1"]
[EndTime "10:06:33 PDT"]
[Termination "mishanick won by resignation"]

1. d4 g6 2. c4 Bg7 3. Nc3 d6 4. e4 Nc6 5. d5 Nb8 6. Be2 e6 7. Nf3 Nd7 8. O-O a6 9. Be3 Ngf6 10. Nd4 e5 11. Nb3 b6 12. Nd2 O-O 13. b4 Qe7 14.
Nb3 Ne8 15. c5 bxc5 16. bxc5 f5 17. f3 Ndf6 18. Rc1 Bd7 19. c6 Bc8 20. Na5 fxe4 21. fxe4 Rb8 22. Nb7 Ra8 23. h3 h5 24. Rb1 Kh7 25.
Qd2 Ng8 26. Rxf8 Bxf8 27. a4 Bh6 28. Na2 Qh4 29. Bxh6 Nxh6 30. Qe3 Nf6 31. Nc3 Bg4 32. g3 Qxh3 33. Bf1 Rf8 34. Bxh3 Bxh3 35. Na5 Nhg4 36.
Qe2 h4 37. gxh4 Nh5 38. Rb7 Ng3 39. Rxc7+ Kh8 40. Qe1 Rf1+ 41. Qxf1 Bxf1 42. Rf7 Bd3 43. c7 1-0

[Event "*** SCC Grand Prix: Titled Tuesday Blitz"]
[Site "Chess.com"]
[Date "2020.10.06"]
[Round "1"]
[White "QuintilianoR"]
[Black "norwaytoadog"]
[Result "1-0"]
[WhiteElo "2589"]
[BlackElo "2286"]
[TimeControl "180+1"]
[EndTime "10:06:33 PDT"]
[Termination "QuintilianoR won on time"]

1. e4 c5 2. Nf3 d6 3. d4 cxd4 4.
Nxd4 Nf6 5. Nc3 a6 6. h3 e5 7. Nb3 Be7 8. f4 exf4 9. Bxf4 Be6 10. Qe2 Nc6 11. O-O-O Qc7 12. Kb1 Ne5 13. g4 h6 14. Qe3 Rc8 15. Nd4 b5 16. a3 Qb7 17.
Nf5 Bxf5 18. gxf5 Rxc3 19. Qxc3 Nxe4 20. Qe1 O-O 21. Bg2 Nc3+ 22. Qxc3 Qxg2 23. Rhg1 Qe4 24. Qg3 g5 25. fxg6 Nxg6 26. Rde1 Qb7 27. Rxe7 Qxe7 28. Bxd6 Qe4 29. Bxf8 Kxf8 30. Qd6+ Kg7 31. Qxa6 Kh7 32. Qf6 1-0

[Event "*** SCC Grand Prix: Titled Tuesday Blitz"]
[Site "Chess.com"]
[Date "2020.10.06"]
[Round "1"]
[White "rasmussvane"]
[Black "Kaua18"]
[Result "1-0"]
[WhiteElo "2914"]
[BlackElo "2458"]
[TimeControl "180+1"]
[EndTime "10:06:34 PDT"]
[Termination "rasmussvane won on time"]

1. Nf3 c5 2. g3 Nc6 3. c4 g6 4. Bg2 Bg7 5. O-O e5 6. Nc3 d6 7. d3 Nge7 8. Bg5 f6 9. Bd2 O-O 10. a3 Be6 11. Rb1 a5 12. Ne1 d5 13. cxd5 Nxd5 14. Nc2 f5 15. Ne3 Nde7 16. Nc4 Qc7 17.
Nb5 Qd8 18. b4 cxb4 19. axb4 axb4 20. Bxb4 Nxb4 21. Rxb4 Nc6 22. Rb1 e4 23. Nbd6 Bxc4 24. dxc4 Ra2 25. Qd5+ Kh8 26. Rxb7 Ne5 27. c5 Ra5 28. Rxg7 Kxg7 29. Qxe5+ Kh6 30. Nb7 Qa8 31. Nxa5 Qxa5 32. Qe7 Rc8 33. Rd1 Qxc5 34. Qh4+ Kg7 35. Rd7+ Kf8 36. Qf6+ 1-0